 Dungeon Crawl Stone Soup version 0.24.0-29-g8ce449bc06 (webtiles) character file.

Game seed: 18200996825565107159, levelgen mode: deterministic

119 Froggeryz the Cudgeler (level 5, -1/30 HPs)
             Began as a Gargoyle Gladiator on Nov 16, 2019.
             Was an Initiate of Okawaru.
             Killed from afar by an orc wizard (8 damage)
             ... with a puff of flame
             ... on level 3 of the Dungeon.
             The game lasted 00:02:23 (1867 turns).

Froggeryz the Cudgeler (Gargoyle Gladiator)         Turns: 1867, Time: 00:02:24

Health: -1/30      AC:  9    Str: 17    XL:     5   Next: 3%
Magic:  5/5        EV: 12    Int: 10    God:    Okawaru [......]
Gold:   97         SH:  0    Dex: 11    Spells: 4/4 levels left

rFire    . . .     SeeInvis .   a - +0 flail
rCold    . . .     Gourm    .   (no shield)
rNeg     + . .     Faith    .   b - +0 leather armour
rPois    ∞         Spirit   .   l - +0 helmet
rElec    +         Reflect  .   (no cloak)
rCorr    .         Harm     .   e - +0 pair of gloves
MR       .....                  (no boots)
Stlth    ++........             (no amulet)
HPRegen  0.10/turn              r - ring of stealth
MPRegen  0.09/turn              (no ring)

@: no status effects
A: negative energy resistance 1, electricity resistance, unbreathing,
petrification resistance, rot immunity, AC +4
a: Renounce Religion


You were on level 3 of the Dungeon.
You worshipped Okawaru.
Okawaru was noncommittal.
You were very hungry.

You visited 1 branch of the dungeon, and saw 3 of its levels.

You collected 97 gold pieces.

Inventory:

Hand Weapons
 a - a +0 flail (weapon)
Missiles
 d - 3 throwing nets (quivered)
Armour
 b - a +0 leather armour (worn)
 e - a +0 pair of gloves (worn)
 l - a +0 helmet (worn)
Jewellery
 p - an uncursed ring of protection from cold {unknown}
 r - a ring of stealth (left hand)
Scrolls
 c - a scroll of immolation {unknown}
 g - a scroll of blinking {unknown}
 h - 2 scrolls of enchant armour {unknown}
 m - a scroll of enchant weapon {unknown}
 n - 4 scrolls of remove curse {unknown}
 o - 2 scrolls of teleportation {unknown}
 q - 2 scrolls of random uselessness {unknown}
Potions
 i - a potion of degeneration {unknown}
 j - a potion of curing
 k - 2 potions of berserk rage {unknown}
Comestibles
 f - 8 rations


   Skills:
 - Level 2.1 Fighting
 * Level 5.5 Maces & Flails
 - Level 1.7 Throwing
 - Level 2.4 Dodging


You had 4 spell levels left.
You didn't know any spells.
Your spell library was empty.

Dungeon Overview and Level Annotations

Branches:
Dungeon (3/15)

Altars:
Ashenzari
Gozag
Okawaru


Innate Abilities, Weirdness & Mutations

You are resistant to torment.
Your stone body is resilient. (AC +4)
You are immune to poison.
You resist negative energy. (rN+)
You are resistant to electric shocks. (rElec)
You can survive without breathing.
You are immune to petrification.
You are immune to rotting.


Message History

Unknown command.
It was a potion of curing.
You feel better.
The orc wizard mumbles some strange words.
The orc wizard flickers and vanishes!
Deactivating autopickup; reactivate with Ctrl-A.
The orc hits you but does no damage. The orc barely misses you.
Unknown command.
You closely miss something.
You hear the slow rusting of a very distant drain.
Something hits you but does no damage. The orc hits you but does no damage.
The orc hits you with a +0 trident.
* * * LOW HITPOINT WARNING * * *
You barely miss something. Something hits you but does no damage.
The orc hits you but does no damage. x2
You hit the orc.
The orc is almost dead.
You hear some strange, mumbled words.
A puff of flame appears from out of thin air!
The puff of flame hits you!
You die...

#####.##### #.....#...
########.#####.########
##>.............>..<....
........)######.#.#.#.##
......{oo# #.#.#.# #
.......@.# #.#.#.#
........)............
..............#.#.#.#
..............+...#.#
###...........#.###.#
#...........#
#...........#
#...........#


You could see 2 orcs.

Vanquished Creatures
  2 gnolls (D:2)
  6 adders (D:2)
  3 worms (D:2)
  5 orcs
  2 giant cockroaches (D:2)
  2 goblins (D:1)
  A hobgoblin (D:2)
  3 jackals (D:2)
  5 kobolds
  2 frilled lizards (D:2)
  4 rats
35 creatures vanquished.

Notes
Turn   | Place    | Note
-------+----------+-------------------------------------------
     0 | D:1      | Froggeryz the Gargoyle Gladiator began the quest for the
                  | Orb.
     0 | D:1      | Reached XP level 1. HP: 12/12 MP: 1/1
    94 | D:1      | Found a shattered altar of Ashenzari.
   123 | D:1      | Reached XP level 2. HP: 17/17 MP: 2/2
   423 | D:2      | Found an opulent altar of Gozag.
   438 | D:2      | Reached skill level 4 in Maces & Flails
   604 | D:2      | Reached XP level 3. HP: 17/21 MP: 3/3
  1057 | D:2      | Reached XP level 4. HP: 25/26 MP: 4/4
  1087 | D:2      | Reached skill level 5 in Maces & Flails
  1343 | D:2      | Found an iron altar of Okawaru.
  1387 | D:2      | Became a worshipper of Warmaster Okawaru
  1836 | D:3      | Reached XP level 5. HP: 30/30 MP: 5/5
  1867 | D:3      | Killed from afar by an orc wizard

Levels and vault maps discovered:
D:1:      onia_arrival_pyramid, layout_rooms, ashenzari_altar_1
D:2:      layout_basic, grunt_gozag_statues, minmay_misc_feat_cross,
          okawaru_altar_gauntlet_db
D:3:      layout_basic, chequers_ecumenical_altar_simple_redux,
          gup_sewer_entry_bowl

Skill      XL: |  1  2  3  4 |
---------------+-------------+-----
Maces & Flails | 4 5 |  5.5
Fighting       | |  2.1
Throwing       | |  1.7
Dodging        | |  2.4

Action                   |  1- 3 |  4- 6 || total
-------------------------+-------+-------++-------
Melee: Flail             |    65 |    87 ||   152
  Use: Potion            |       |     1 ||     1
  Eat: Chunk             |       |     2 ||     2
Armor: Leather armour    |    22 |    78 ||   100
Dodge: Dodged            |    34 |   132 ||   166
